 Dungeon Crawl Stone Soup version 0.29.1-2-gbd0b4ee654 (webtiles) character file.

Game seed: 1647262212078348468

2355 raph the Purveyor of Pain (level 9, -1/65 HPs)
             Began as a Human Necromancer on Nov 30, 2022.
             Was an Initiate of Kikubaaqudgha.
             Slain by an unseen horror (9 damage)
             ... on level 8 of the Dungeon.
             The game lasted 00:17:57 (8799 turns).

raph the Purveyor of Pain (Human Necromancer)       Turns: 8799, Time: 00:17:58

Health: -1/65      AC: 11    Str: 10    XL:     9   Next: 71%
Magic:  13/13      EV: 13    Int: 20    God:    Kikubaaqudgha [......]
Gold:   9          SH:  5    Dex: 14    Spells: 0/14 levels left

rFire   + . .      SeeInvis .   C - +4 scimitar of the Firefly {speed, Str+2}
rCold   . . .      Faith    .   q - +0 buckler
rNeg    . . .      Spirit   .   c - +1 robe
rPois   .          Reflect  .   p - +1 helmet
rElec   .          Harm     .   u - +2 cloak
rCorr   +          Rampage  .   s - +2 pair of gloves
Will    .....                   (no boots)
Stlth   ++........              o - amulet of magic regeneration
HPRegen 0.20/turn               k - ring of resist corrosion
MPRegen 0.53/turn               m - ring of protection from fire

@: marked
A: no striking features
a: Renounce Religion


You were on level 8 of the Dungeon.
You worshipped Kikubaaqudgha.
Kikubaaqudgha was noncommittal.
You visited 2 branches of the dungeon, and saw 9 of its levels.

You collected 361 gold pieces.
You spent 352 gold pieces at shops.

Inventory:

Hand Weapons
 a - a +1 short sword of holy wrath
 b - a +1 dagger
 C - the +4 scimitar of the Firefly (weapon) {speed, Str+2}
   (You bought it in a shop on level 7 of the Dungeon)

   Attacks with this weapon are significantly faster.
   Str:       It affects your strength (+2).
Missiles
 r - 10 poisoned darts
Armour
 c - a +1 robe (worn)
 p - a +1 helmet (worn)
 q - a +0 buckler (worn)
 s - a +2 pair of gloves (worn)
 u - a +2 cloak (worn)
 y - a +0 pair of boots
 E - a +1 pair of boots
Magical Staves
 f - a staff of air
 h - a staff of cold
Jewellery
 k - a ring of resist corrosion (left hand)
 m - a ring of protection from fire (right hand)
 o - an amulet of magic regeneration (around neck)
 A - a +6 ring of dexterity
Wands
 n - a wand of roots (7)
Scrolls
 d - 5 scrolls of identify
 i - a scroll of torment
 l - 3 scrolls of teleportation
 x - a scroll of blinking
 B - a scroll of immolation {unknown}
Potions
 e - 2 potions of brilliance
 g - 3 potions of attraction
 j - a potion of magic
 t - a potion of resistance
 v - a potion of curing
 w - 4 potions of heal wounds
 z - 4 potions of might
 D - a potion of haste


   Skills:
 - Level 4.0 Fighting
 - Level 2.1(3.5) Short Blades
 + Level 4.3(4.6) Long Blades
 - Level 4.6 Dodging
 - Level 2.0 Stealth
 - Level 4.1 Shields
 - Level 3.1 Spellcasting
 - Level 8.9 Necromancy


You couldn't memorise any spells.
You knew the following spells:

 Your Spells              Type           Power      Damage    Failure   Level
a - Necrotise             Necr           100%       1d9       1%          1
b - Vampiric Draining     Necr           38%        2d8       1%          3
c - Animate Dead          Necr           38%        N/A       4%          4
d - Agony                 Necr           38%        N/A       13%         5
e - Summon Small Mammal   Summ           12%        N/A       19%         1

Your spell library contained the following spells:

 Spells                   Type           Power      Damage    Failure   Level
 Apportation              Tloc           6%         N/A       19%         1


Dungeon Overview and Level Annotations

Branches:
Dungeon (8/15)             Temple (1/1) D:4
   Lair: D:8-11

Altars:
Ashenzari
Cheibriados
Dithmenos
Elyvilon
Fedhas
Hepliaklqana
Kikubaaqudgha
Makhleb
Nemelex Xobeh
Okawaru
Ru
Sif Muna
Trog
Uskayaw
Vehumet
Wu Jian
Yredelemnul
Zin
The Shining One

Shops:
D:1 [   D:4 !   D:7 *   D:8 (

Annotations:
D:4 exclusion: wight, Grinder
D:5 3 runed translucent doors, caveywoolpert's ghost, novice TrFi


Message History

Your magical contamination has completely faded away.
You start resting.
Your reaping aura is weakening.
You start resting.
Your orc skeleton crumbles into dust!
Your reaping aura expires.
Found a fluorescent wand.
Found an escape hatch in the floor.
A sourceless malevolence fills the Dungeon...
With a horrendous wail, an alarm goes off!
A sentinel's mark forms upon you.
You hear a shout! x3; You hear an angry buzzing noise. x2; You hear a shout! x4
You hear an angry buzzing noise.
You hear a shout! x2
Found a stone staircase leading down.
You see here a +1 pair of boots.
E - a +1 pair of boots Something hits you but does no damage.
Deactivating autopickup; reactivate with Ctrl-A.
Keep disrobing?
Something hits you.
You start removing your armour.
You continue taking off your +0 pair of boots.
Something hits you but does no damage. Something hits your centaur zombie.
You continue taking off your +0 pair of boots.
Something hits you. x2
You continue taking off your +0 pair of boots.
Something hits you!
You continue taking off your +0 pair of boots.
Something hits you!
* * * LOW HITPOINT WARNING * * *
You finish taking off your +0 pair of boots.
An orc comes into view. It is wielding a +0 dagger.
Your centaur zombie hits something but does no damage.
Your centaur zombie kicks something but does no damage.
Something hits you.
* * * LOW HITPOINT WARNING * * *
Your centaur zombie misses something.
Your centaur zombie kicks something but does no damage.
Something hits you!
You die...
Kikubaaqudgha rasps: "You have failed me!
Welcome... death!"

#.#.###.#... ......#
.........(## ..>.o.# .
#...##.....# #.....# >.
##..###....###.....#...
#..#.).##).##(..y....
##....####.)...#y.#
#......###....ZZy#
..#..∩......#.##.##
###..##.##....##@.#
....###.##..##..../#
....# .##..##.#.#.oo.
^...# ##..##.#.#......
....# ......#...###..
....# ## #.. # . .....
..# ....# ..# ....#


You could see 3 killer bees, an orc wizard, 2 orcs and a friendly centaur
zombie.

Vanquished Creatures
  A hornet (D:8)
  Prince Ribbit (D:7)
  A wyvern (D:8)
  2 orc warriors
  An ice beast (D:7)
  A sky beast (D:7)
  A black bear (D:6)
  3 centaurs
  2 phantoms (D:7)
  2 bullfrogs
  Blork the orc (D:5)
  4 scorpions
  A howler monkey (D:5)
  2 orc priests
  4 hounds
  Crazy Yiuf (D:5)
  3 orc wizards
  9 gnolls
  5 adders
  2 white imps (D:6)
  An ufetubus (D:4)
  2 worms
  3 dart slugs
  19 orcs
  8 endoplasms
  2 giant cockroaches
  2 goblins
  5 hobgoblins
  5 jackals
  4 quokkas
  5 ball pythons
  5 bats
  A frilled lizard (D:1)
  7 kobolds
  4 rats
120 creatures vanquished.

Vanquished Creatures (collateral kills)
  A white imp (D:7)
  2 orcs
  An endoplasm (D:1)
4 creatures vanquished.

Vanquished Creatures (others)
  A hound zombie (D:7)
  A howler monkey zombie (D:5)
  An adder zombie (D:5)
  A gnoll zombie (D:7)
  An endoplasm zombie (D:3)
  11 orc zombies
  30 plants (D:3)
46 creatures vanquished.

Grand Total: 170 creatures vanquished

Notes
Turn   | Place    | Note
-------+----------+-------------------------------------------
     0 | D:1      | raph the Human Necromancer began the quest for the Orb.
     0 | D:1      | Reached XP level 1. HP: 13/13 MP: 3/3
    64 | D:1      | Found Inuquuf's Antique Armour Boutique.
   115 | D:1      | Reached XP level 2. HP: 19/19 MP: 0/5
   467 | D:1      | Reached XP level 3. HP: 24/24 MP: 4/6
   757 | D:1      | Reached skill level 5 in Necromancy
   956 | D:1      | Found a faded altar of an unknown god.
  1049 | D:1      | Learned a level 3 spell: Vampiric Draining
  1381 | D:2      | Reached XP level 4. HP: 22/30 MP: 1/7
  2044 | D:2      | Reached XP level 5. HP: 35/35 MP: 1/8
  2223 | D:2      | Reached skill level 6 in Necromancy
  2574 | D:3      | Found a hide-covered altar of Uskayaw.
  2585 | D:3      | Learned a level 4 spell: Animate Dead
  2606 | D:3      | Found a shadowy altar of Dithmenos.
  2642 | D:3      | Found an ornate altar of the Wu Jian Council.
  3313 | D:3      | Found a glowing golden altar of the Shining One.
  3628 | D:3      | Found a burning altar of Makhleb.
  4167 | D:4      | Noticed Grinder
  4175 | D:5      | Entered Level 5 of the Dungeon
  4199 | D:5      | Noticed Blork the orc
  4215 | D:5      | Killed Blork the orc
  4216 | D:5      | Reached XP level 6. HP: 28/42 MP: 0/9
  4358 | D:5      | Found a white marble altar of Elyvilon.
  4497 | D:5      | Found a runed translucent door.
  4498 | D:5      | Noticed Crazy Yiuf
  4506 | D:5      | Paralysed by Crazy Yiuf for 3 turns
  4511 | D:5      | Killed Crazy Yiuf
  4512 | D:5      | Reached skill level 1 in Fighting
  4512 | D:5      | Reached skill level 1 in Shields
  4793 | D:5      | Found a runed translucent gate.
  4796 | D:5      | Found a runed translucent gate.
  4796 | D:5      | Found a runed translucent gate.
  4799 | D:5      | Noticed caveywoolpert's ghost (novice TrFi)
  4801 | D:5      | Identified the +5 short sword of Uskayaw's Indignation
                  | {vorpal, MP-9 Str+4 Int+4 SInv}
  5012 | D:5      | Found a sacrificial altar of Ru.
  5274 | D:5      | Reached skill level 7 in Necromancy
  5274 | D:5      | Reached XP level 7. HP: 44/48 MP: 0/10
  6555 | D:6      | Reached XP level 8. HP: 57/57 MP: 6/11
  6909 | D:7      | Reached skill level 8 in Necromancy
  7037 | D:7      | Noticed Prince Ribbit
  7052 | D:7      | Killed Prince Ribbit
  7053 | D:7      | Reached skill level 1 in Short Blades
  7212 | D:7      | Found a blossoming altar of Fedhas.
  7231 | D:7      | Found a hazy altar of Hepliaklqana.
  7524 | D:7      | Reached XP level 9. HP: 56/64 MP: 11/13
  7636 | D:7      | Learned a level 5 spell: Agony
  8008 | D:7      | Found Yciah's Assorted Antiques.
  8020 | D:7      | Bought a twisted scimitar for 270 gold pieces
  8020 | D:7      | Identified the +4 scimitar of the Firefly {speed, Str+2}
                  | (You bought it in a shop on level 7 of the Dungeon)
  8021 | D:7      | Bought a fuming inky potion for 27 gold pieces
  8251 | D:4      | Learned a level 1 spell: Summon Small Mammal
  8410 | D:4      | Found a staircase to the Ecumenical Temple.
  8419 | Temple   | Entered the Ecumenical Temple
  8468 | Temple   | Became a worshipper of Kikubaaqudgha
  8497 | D:4      | Found Gyjoas's Distillery.
  8505 | D:4      | Bought a potion of heal wounds for 55 gold pieces
  8720 | D:8      | Found Barus's Weapon Shop.
  8725 | D:8      | Noticed a hornet
  8742 | D:8      | Killed a hornet
  8799 | D:8      | Slain by an unseen horror

Illustrated notes

Levels and vault maps discovered:
D:1:      mainiacjoe_arrival_reflecting_pool, layout_basic,
          chequers_ecumenical_altar_simple_redux, serial_shops,
          nicolae_shop_statue_plus, hex_tiny
D:2:      layout_loops_ring
D:3:      layout_loops_ring, tso_oasis_becter, nicolae_uskayaw_suspiria,
          bloody_makhleb, mainiacjoe_overflow_catch_the_wave
D:4:      layout_loops_cross, doesnt_xom_only_xom, lemuel_temple_firewalk_b,
          serial_shops, shop, uniq_grinder, uniq_eustachio
D:5:      layout_loops_ring, nicolae_overflow_crystal_walls,
          nicolae_ru_awakened_eye, biasface_ghost_orc_armoury,
          uniq_crazy_yiuf_cottage, uniq_blork_the_orc
D:6:      layout_basic
D:7:      layout_basic, lemuel_doored_altar, mainiacjoe_overflow_24_doors,
          serial_shops, nicolae_lakefront_shop, uniq_prince_ribbit1
D:8:      layout_rooms, serial_shops, shop, palyth_stone_intersect
Temple:   nicolae_temple_ecumenical_triangle

Skill      XL: |  1  2  3  4  5  6  7  8  9 |
---------------+----------------------------+-----
Necromancy     | 5 6 7 8 |  8.9
Fighting       | 1 2 3 4 |  4.0
Shields        | 1 2 3 4 |  4.1
Dodging        | 3 4 |  4.6
Short Blades   | 1 2 |  2.1
Spellcasting   | 3 |  3.1
Long Blades    | 4 |  4.3
Stealth        | |  2.0

Action                   |  1- 3 |  4- 6 |  7- 9 || total
-------------------------+-------+-------+-------++-------
Melee: Dagger            |     5 |    61 |   140 ||   206
       Broad axe         |     5 |     7 |       ||    12
       Scimitar          |       |       |    34 ||    34
 Cast: Necrotise         |    57 |    93 |    77 ||   227
       Animate Dead      |       |     4 |     7 ||    11
       Vampiric Draining |       |     5 |    24 ||    29
       Agony             |       |       |     2 ||     2
Evoke: Wand              |       |     1 |    10 ||    11
  Use: Scroll            |     1 |    13 |     4 ||    18
       Potion            |       |     1 |       ||     1
 Stab: Sleeping          |     1 |       |     4 ||     5
       Distracted        |       |     1 |     1 ||     2
Armor: Robe              |     4 |    27 |    89 ||   120
Dodge: Dodged            |    14 |    60 |   136 ||   210
Block: Buckler           |       |     8 |    53 ||    61
